 Dungeon Crawl Stone Soup version 0.20.1-1-g8b1a95d (webtiles) character file.

81421 Mesmaeker13 the Unseen (level 15, -1/73 HPs)
             Began as a Vine Stalker Assassin on July 9, 2017.
             Was a High Priest of Ashenzari.
             Slain by an orc knight
             ... wielding a +0 war axe
              (33 damage)
             ... on level 1 of the Orcish Mines.
             The game lasted 02:04:51 (22897 turns).

Mesmaeker13 the Unseen (Vine Stalker Assassin)     Turns: 22897, Time: 02:04:52

Health: -1/73      AC: 17    Str:  8    XL:     15   Next: 70%
Magic:  0/17       EV: 17    Int: 16    God:    Ashenzari [*****.]
Gold:   1979       SH:  7    Dex: 21    Spells: 12/14 levels left

rFire    + + .     SeeInvis +   N - +2 scimitar (flame)
rCold    + . .     Gourm    .   t - +0 buckler (curse)
rNeg     . . .     Faith    .   E - +3 ring mail of Intercession {rElec rF+ Int+3 Stlth+}
rPois    +         Spirit   +   y - +0 helmet
rElec    +         Reflect  .   O - +1 cloak "Nuwipn" {rPois rF+ Str-5}
rCorr    .         Harm     .   G - +0 pair of gloves (curse)
MR       +....     Clarity  +   u - +0 pair of boots
Stlth    ++++++++..             p - amulet of regeneration
Regen    1.5/turn               o - +3 ring of slaying (curse)
MPRegen  0.2/turn               X - ring of protection from cold

@: no status effects
A: fangs 3, molten scales 1, agile 1, regeneration 2, electricity resistance,
weak 1, magic shield, antimagic bite, no potion heal 3, rot immunity
a: Curse Item, Scrying, Transfer Knowledge, Renounce Religion


You were on level 1 of the Orcish Mines.
You worshipped Ashenzari.
Ashenzari was extremely pleased with you.
You were not hungry.

You visited 4 branches of the dungeon, and saw 21 of its levels.
You also visited: Bailey and Ice Cave.

You collected 2273 gold pieces.
You spent 294 gold pieces at shops.

Inventory:

Hand Weapons
 a - a +2 dagger
 b - a +2 short sword of venom {b}
 c - a +0 blowgun
 N - a +2 scimitar of flaming (weapon)
 P - a +0 dagger of electrocution
 R - a +0 scimitar of holy wrath
Missiles
 e - 65 poisoned needles
 m - 8 javelins of returning (quivered)
 v - 41 tomahawks
 J - 4 needles of paralysis
 Q - 3 tomahawks of dispersal
 S - 8 exploding tomahawks
 T - 2 throwing nets
 W - a curare-tipped needle
Armour
 t - a cursed +0 buckler (worn)
 u - a +0 pair of boots (worn)
 y - a +0 helmet (worn)
 E - the +3 ring mail of Intercession (worn) {rElec rF+ Int+3 Stlth+}
   (You found it on level 2 of the Lair of Beasts)

   It affects your intelligence (+3).
   It protects you from fire.
   It insulates you from electricity.
   It makes you more stealthy.
 G - a cursed +0 pair of gloves (worn)
 O - the +1 cloak "Nuwipn" (worn) {rPois rF+ Str-5}
   (You bought it in a shop on level 8 of the Dungeon)

   It affects your strength (-5).
   It protects you from fire.
   It protects you from poison.
Jewellery
 o - a cursed +3 ring of slaying (left hand)
 p - an amulet of regeneration (around neck)
 X - a ring of protection from cold (right hand)
 Z - an uncursed ring of positive energy
Wands
 C - a wand of clouds (1/9)
 F - a wand of confusion (29/48)
Scrolls
 d - 2 scrolls of recharging
 f - 11 scrolls of remove curse
 h - 4 scrolls of teleportation
 j - a scroll of holy word
 w - 2 scrolls of fog
 x - 4 scrolls of magic mapping
 B - a scroll of enchant armour
 K - 3 scrolls of identify
Potions
 i - 3 potions of brilliance
 k - 7 potions of curing
 l - a potion of agility
 n - a potion of haste
 r - 2 potions of magic
 I - 2 potions of lignification
 L - 2 potions of flight
 M - a potion of ambrosia {unknown}
Books
 H - a book of Geomancy

   Spells                             Type                      Level
   a - Sandblast                      Earth                        1
   b - Passwall                       Transmutation/Earth          2
   c - Stone Arrow                    Conjuration/Earth            3
   d - Petrify                        Transmutation/Earth          4
   e - Lee's Rapid Deconstruction     Earth                        5
Miscellaneous
 g - a fan of gales
Comestibles
 q - 10 chunks of flesh
 s - a fruit
 z - 6 meat rations
 A - 3 royal jellies


   Skills:
 - Level 6.1 Fighting
 - Level 10.0 Short Blades
 - Level 10.3 Throwing
 - Level 6.3 Armour
 + Level 10.4 Dodging
 + Level 18.1 Stealth
 - Level 4.9(7.5) Shields
 - Level 4.0 Charms
 + Level 5.0 Air Magic
 + Level 2.3 Evocations


You had 12 spell levels left.
You knew the following spells:

 Your Spells              Type           Power        Failure   Level  Hunger
a - Swiftness             Chrm/Air       ##......     16%         2    ###....


Dungeon Overview and Level Annotations

Branches:
Dungeon (12/15)            Temple (1/1) D:4            Lair (6/6) D:9
 Shoals (0/4) Lair:3        Snake (0/4) Lair:4        Slime (0/5) Lair:6
    Orc (2/2) D:12            Elf (0/3) Orc:2

Altars:
Ashenzari
Cheibriados
Dithmenos
Elyvilon
Fedhas
Gozag
Hepliaklqana
Kikubaaqudgha
Makhleb
Nemelex Xobeh
Okawaru
Qazlal
Ru
Sif Muna
Trog
Uskayaw
Vehumet
Xom
Yredelemnul
Zin
The Shining One
Jiyva

Shops:
D:8 [

Annotations:
D:4 Oddysee's ghost, amateur MfGl


Innate Abilities, Weirdness & Mutations

You have razor-sharp teeth.
You heal very quickly.
When hurt, damage is shared between your health and your magic reserves.
Your bite disrupts and absorbs the magic of your enemies.
Potions cannot restore your health.
You are immune to rotting.
You are partially covered in molten scales. (AC +2)
You are agile. (Dex +2)
You are resistant to electric shocks. (rElec)
You are weak. (Str -2)


Message History

You hit the orc knight. You burn the orc knight.
Your bite misses the orc knight.
The orc knight is moderately wounded.
You block the orc knight's attack.
You slash the orc knight! You burn the orc knight. You bite the orc knight.
You drain its power.
You feel invigorated.
The orc knight is heavily wounded.
The orc knight barely misses you.
You hit the orc knight but do no damage.
You bite the orc knight, but do no damage.
The orc knight is heavily wounded.
You block the orc knight's attack.
You barely miss the orc knight.
The orc knight is heavily wounded.
The orc knight hits you with a war axe!!
You closely miss the orc knight.
You bite the orc knight, but do no damage.
The orc knight is heavily wounded.
The orc knight hits you with a war axe!!!
You die...

### ##.## #..........#..#
##..### #
##.###...##.....######....##
##.#....####.....#.#...####
# ##.###..##
#...#.###......#. # #.##
#...###..#### ####..##. ###
##..####........# #......
..###....#.###.....##
##.#... ..(........#......##
####..
......#.......#o@..### #...
......##).....##.....###
####
#....####...#####......#
##....###....#####..####
#......#.......##.[##
..###..#.....)...)..#
..##...(.###.....####
..###.....###.#.##
...#..###....##.#


You could see an orc knight.

Vanquished Creatures
  The ghost of Nahar the Spear-Bearer, a journeyman DsBe of Trog (Orc:2)
  Snorg (Lair:4)
  A fire dragon (Lair:6)
  2 hydras
  Erica (Orc:1)
  4 two-headed ogres
  15 death yaks
  3 orc high priests (Orc:2)
  Sonja (Lair:3)
  An unseen horror (D:12)
  3 orc knights
  2 lindwurms (Lair:6)
  3 orc sorcerers
  A cyclops (Orc:1)
  6 ugly things
  An elephant (Lair:6)
  11 black mambas
  A molten gargoyle (Lair:6)
  2 ice statues (IceCv)
  7 spiny frogs
  A torpor snail (Lair:6)
  2 rime drakes (Lair:6)
  11 komodo dragons
  A merfolk (Lair:3)
  3 trolls
  A hornet (D:10)
  10 polar bears
  20 blink frogs
  13 dream sheep
  14 hippogriffs
  A spriggan (D:7)
  6 wyverns
  5 basilisks
  73 yaks
  3 steam dragons
  3 hungry ghosts
  Duvessa (D:7)
  4 hell hounds
  The ghost of Dyss the Conjurer, an amateur DECj (D:3)
  3 nagas (Lair:4)
  11 porcupines
  17 water moccasins
  3 sky beasts
  15 ice beasts
  51 orc warriors
  10 black bears
  3 phantoms
  31 wolves
  10 ogres
  13 centaurs
  6 crocodiles
  5 big kobolds (D:12)
  The ghost of Dyss the Grave Robber, an amateur DENe (D:5)
  13 bullfrogs
  8 gnoll sergeants
  5 jellies
  2 scorpions
  Dowan (D:7)
  3 wights
  2 howler monkeys
  9 electric eels
  5 crimson imps
  5 lava snakes (Lair:6)
  23 orc priests
  6 gnoll shamans
  A centaur skeleton (D:10)
  10 hounds
  22 orc wizards
  A bullfrog skeleton (D:6)
  2 iguanas (D:8)
  3 worker ants
  2 bullfrog simulacra (D:12)
  2 hound zombies
  2 worker ant zombies
  11 adders
  51 gnolls
  A shadow imp (D:8)
  3 white imps (D:12)
  An ufetubus (D:12)
  2 oozes (D:1)
  An adder zombie (D:5)
  An adder skeleton (D:8)
  A worm (D:2)
  3 dart slugs
  3 leopard geckos
  80 orcs
  10 giant cockroaches
  8 goblins
  8 hobgoblins
  11 jackals
  4 quokkas
  10 bats
  9 frilled lizards
  2 jackal skeletons
  6 kobolds
  A leopard gecko zombie (D:5)
  7 rats
780 creatures vanquished.

Vanquished Creatures (others)
  A white imp (D:12)
  38 fungi
  9 plants
48 creatures vanquished.

Grand Total: 828 creatures vanquished

Notes
Turn   | Place    | Note
-------+----------+-------------------------------------------
     0 | D:1      | Mesmaeker13 the Vine Stalker Assassin began the quest for the Orb.
     0 | D:1      | Reached XP level 1. HP: 11/11 MP: 2/2
    30 | D:1      | Reached skill level 1 in Dodging
    30 | D:1      | Reached skill level 5 in Stealth
   310 | D:1      | Reached XP level 2. HP: 14/15 MP: 3/3
   532 | D:1      | Reached XP level 3. HP: 14/18 MP: 4/4
  1483 | D:2      | Gained mutation: Your natural rate of healing is unusually fast. [Vine Stalker growth]
  1483 | D:2      | Reached XP level 4. HP: 20/23 MP: 5/5
  2222 | D:3      | Noticed Dyss's ghost (amateur DECj)
  2225 | D:3      | Killed Dyss's ghost
  2225 | D:3      | Reached skill level 1 in Shields
  2225 | D:3      | Reached XP level 5. HP: 23/26 MP: 6/6
  2298 | D:3      | Reached XP level 6. HP: 27/30 MP: 5/7
  2481 | D:3      | Noticed an orc warrior
  2756 | D:2      | Killed an orc warrior
  2756 | D:2      | Reached skill level 6 in Stealth
  2994 | D:4      | Found a staircase to the Ecumenical Temple.
  3003 | Temple   | Entered the Ecumenical Temple
  3049 | Temple   | Became a worshipper of Ashenzari the Shackled
  3136 | D:4      | Noticed Oddysee's ghost (amateur MfGl)
  3441 | D:4      | Reached XP level 7. HP: 30/34 MP: 6/8
  3505 | D:4      | Reached * piety under Ashenzari
  3828 | D:5      | Entered Level 5 of the Dungeon
  3917 | D:5      | Noticed Dyss's ghost (amateur DENe)
  4024 | D:5      | Killed Dyss's ghost
  4094 | D:5      | Reached skill level 7 in Stealth
  4207 | D:5      | Noticed a hippogriff
  4222 | D:5      | Killed a hippogriff
  4222 | D:5      | Gained mutation: You have razor-sharp teeth. [Vine Stalker growth]
  4222 | D:5      | Reached XP level 8. HP: 38/38 MP: 9/9
  4600 | D:6      | Reached skill level 8 in Stealth
  4683 | D:6      | Reached skill level 5 in Short Blades
  4694 | D:6      | Reached XP level 9. HP: 33/42 MP: 10/10
  4998 | D:7      | Noticed Duvessa
  4998 | D:7      | Noticed Dowan
  5023 | D:7      | Killed Dowan
  5081 | D:7      | Killed Duvessa
  5081 | D:7      | Reached skill level 5 in Dodging
  5151 | D:7      | Reached ** piety under Ashenzari
  5208 | D:7      | Reached skill level 9 in Stealth
  5790 | D:8      | Found Ottij's Antique Armour Boutique.
  5867 | D:8      | Bought a jewelled cloak for 294 gold pieces
  5877 | D:8      | Identified the +1 cloak "Nuwipn" {rPois rF+ Str-5} (You bought it in a shop on level 8 of the Dungeon)
  6263 | D:9      | Learned a level 2 spell: Swiftness
  6406 | D:9      | Reached skill level 10 in Stealth
  6406 | D:9      | Reached skill level 1 in Charms
  6406 | D:9      | Reached XP level 10. HP: 29/46 MP: 8/11
  6460 | D:9      | Found a flagged portal.
  6576 | Bailey   | Entered a bailey
  6926 | Bailey   | Gained mutation: You are partially covered in molten scales. (AC +2) [potion of mutation]
  6926 | Bailey   | Gained mutation: You occasionally shout uncontrollably at your foes. [potion of mutation]
  6926 | Bailey   | Gained mutation: You possess an exceptional clarity of mind. [potion of mutation]
  6927 | Bailey   | Lost mutation: You occasionally shout uncontrollably at your foes. [potion of mutation]
  6927 | Bailey   | Lost mutation: You possess an exceptional clarity of mind. [potion of mutation]
  6927 | Bailey   | Gained mutation: You are agile. (Dex +2) [potion of mutation]
  6927 | Bailey   | Gained mutation: You are weak. (Str -2) [potion of mutation]
  6927 | Bailey   | Gained mutation: You are resistant to electric shocks. (rElec) [potion of mutation]
  7708 | Bailey   | Reached skill level 11 in Stealth
  8163 | D:9      | Found a staircase to the Lair.
  8368 | D:9      | Noticed a two-headed ogre
  8389 | D:9      | Killed a two-headed ogre
  8389 | D:9      | Reached XP level 11. HP: 40/50 MP: 12/12
  8823 | D:10     | Entered Level 10 of the Dungeon
  9545 | D:10     | Reached skill level 12 in Stealth
  9630 | D:10     | Reached skill level 5 in Throwing
  9791 | D:10     | Reached *** piety under Ashenzari
 10633 | Lair:1   | Entered Level 1 of the Lair of Beasts
 10633 | Lair:1   | Found a glowing silver altar of Zin.
 11045 | Lair:1   | Reached skill level 13 in Stealth
 11181 | Lair:1   | Gained mutation: You heal very quickly. [Vine Stalker growth]
 11181 | Lair:1   | Reached XP level 12. HP: 54/54 MP: 13/13
 11578 | Lair:2   | Got the uncursed ring mail of Intercession {rElec rF+ Int+3 Stlth+}
 11590 | Lair:2   | Identified the +3 ring mail of Intercession {rElec rF+ Int+3 Stlth+} (You found it on level 2 of the Lair of Beasts)
 11748 | Lair:2   | Noticed a death yak
 11750 | Lair:2   | Noticed a death yak
 11750 | Lair:2   | Noticed a death yak
 11750 | Lair:2   | Noticed a death yak
 11750 | Lair:2   | Noticed a death yak
 11752 | Lair:2   | Killed a death yak
 11754 | Lair:2   | Killed a death yak
 11769 | Lair:2   | Killed a death yak
 11794 | Lair:2   | Killed a death yak
 11819 | Lair:2   | Killed a death yak
 11953 | Lair:2   | Found an ancient bone altar of Kikubaaqudgha.
 12125 | Lair:2   | Reached **** piety under Ashenzari
 12572 | Lair:3   | Reached skill level 14 in Stealth
 12945 | Lair:3   | Noticed a six-headed hydra
 12954 | Lair:3   | Killed a six-headed hydra
 12993 | Lair:3   | Reached XP level 13. HP: 58/58 MP: 14/14
 13084 | Lair:3   | Noticed Sonja
 13118 | Lair:3   | Killed Sonja
 13118 | Lair:3   | Reached skill level 10 in Short Blades
 13394 | Lair:3   | Found a staircase to the Shoals.
 13735 | Lair:4   | Noticed Snorg
 13791 | Lair:4   | Killed Snorg
 14064 | Lair:4   | Reached skill level 15 in Stealth
 14123 | Lair:4   | Found a staircase to the Snake Pit.
 14367 | Lair:4   | Reached ***** piety under Ashenzari
 14706 | Lair:4   | Reached skill level 10 in Dodging
 15415 | Lair:5   | Reached skill level 1 in Armour
 15866 | Lair:6   | Entered Level 6 of the Lair of Beasts
 15866 | Lair:6   | Found a staircase to the Slime Pits.
 15866 | Lair:6   | Found a viscous altar of Jiyva.
 16074 | Lair:6   | Reached XP level 14. HP: 61/62 MP: 15/15
 16233 | Lair:5   | Reached skill level 16 in Stealth
 16483 | Lair:6   | Reached skill level 10 in Throwing
 17613 | Lair:6   | Reached skill level 5 in Armour
 17688 | Lair:6   | Found a large runed door.
 17733 | Lair:6   | Reached skill level 17 in Stealth
 17792 | Lair:6   | Found a large runed door.
 18429 | D:11     | Reached skill level 1 in Air Magic
 18641 | D:11     | Reached XP level 15. HP: 70/70 MP: 16/16
 18644 | D:11     | Found a bloodstained altar of Trog.
 19194 | D:12     | Found a frozen archway.
 19204 | IceCv    | Entered an ice cave
 19205 | IceCv    | Found a transporter.
 19226 | IceCv    | Reached skill level 5 in Fighting
 19472 | D:12     | Found a staircase to the Orcish Mines.
 20777 | Orc:1    | Entered Level 1 of the Orcish Mines
 20938 | Orc:1    | Noticed Erica
 20952 | Orc:1    | Killed Erica
 21077 | Orc:1    | Reached skill level 1 in Evocations
 21575 | Orc:2    | Entered Level 2 of the Orcish Mines
 21575 | Orc:2    | Found a staircase to the Elven Halls.
 22015 | Orc:2    | Noticed Nahar's ghost (journeyman DsBe)
 22143 | Orc:2    | Killed Nahar's ghost
 22310 | Orc:2    | Reached skill level 18 in Stealth
 22776 | Orc:2    | Reached skill level 5 in Air Magic
 22855 | Orc:2    | Noticed an orc warlord
 22897 | Orc:1    | Slain by an orc knight

Skill      XL: |  1  2  3  4  5  6  7  8  9 10 11 12 13 14 15 |
---------------+----------------------------------------------+-----
Dodging        | 1 2 3 4 6 7 8 9 10 | 10.4
Stealth        | 5 6 7 8 10 11 13 14 15 17 18 | 18.1
Throwing       | 2 3 4 6 7 9 10 | 10.3
Short Blades   | 2 3 4 5 6 7 8 9 10 | 10.0
Shields        | 1 2 3 4 |  4.9
Charms         | 1 4 |  4.0
Armour         | 2 5 6 |  6.3
Fighting       | 4 6 |  6.1
Air Magic      | 1 5 |  5.0
Evocations     | 2 |  2.3

Action                   |  1- 3 |  4- 6 |  7- 9 | 10-12 | 13-15 || total
-------------------------+-------+-------+-------+-------+-------++-------
Melee: Dagger            |   117 |   113 |   216 |   980 |   316 ||  1742
       Bite              |    28 |    30 |    83 |   380 |   820 ||  1341
       Short sword       |       |       |       |       |  1621 ||  1621
       Scimitar          |       |       |       |       |   172 ||   172
 Fire: Blowgun           |     5 |    26 |    35 |    33 |    23 ||   122
Throw: Tomahawk          |       |     3 |     4 |   105 |       ||   112
       Javelin           |       |       |       |    68 |   144 ||   212
       Throwing net      |       |       |       |     9 |    11 ||    20
Invok: Curse Item        |       |     1 |     1 |     1 |       ||     3
       Scrying           |       |       |       |     1 |     3 ||     4
Evoke: Wand              |       |     4 |       |     8 |     4 ||    16
       Fan of gales      |       |       |       |       |     1 ||     1
  Use: Scroll            |       |     4 |     5 |     9 |     9 ||    27
       Potion            |       |       |       |     5 |    10 ||    15
 Stab: Sleeping          |     8 |    11 |    12 |    20 |    49 ||   100
       Distracted        |       |     1 |     2 |     5 |     4 ||    12
       Invisible         |       |       |       |     2 |     2 ||     4
       Held in net/web   |       |       |       |     3 |     1 ||     4
       Confused          |       |       |       |       |     6 ||     6
  Eat: Chunk             |     2 |     6 |     8 |    18 |    30 ||    64
       Bread ration      |       |       |       |     1 |     1 ||     2
Armor: Robe              |    47 |    13 |    27 |    82 |       ||   169
       Ring mail         |       |       |       |    63 |   402 ||   465
       Skin              |       |       |       |       |    30 ||    30
Dodge: Dodged            |    97 |    35 |    66 |   633 |   891 ||  1722
Block: Buckler           |       |     9 |    47 |   270 |   449 ||   775
       Rpst.: Scimitar   |       |       |       |       |    23 ||    23
